Map: Station Proxima EC

Players

HeadBeagle - Winner!

  • Race: Terran Terran
  • League: Platinum
  • Spawn Location: 7:00

zidar

  • Race: Zerg Zerg
  • League: Gold
  • Spawn Location: 1:00

VOD

Have the link to the VOD?

Description

Time

  • Played on: June 26, 2017, 2:43 p.m.
  • Length: 10:27
Show
View Real Time Build Order
Export as new Build Order

HeadBeagle Terran - Winner!

Build Orders:  

Get SALT Encoding   

  12  0:01  SCV  
  13  0:13  SCV  
  14  0:19  Supply Depot  
  14  0:26  SCV  
  15  0:31  Refinery  
  15  0:41  SCV  
  16  0:46  Barracks  
  16  0:59  Barracks  
  16  1:08  Refinery  
  16  1:09  SCV  
  17  1:22  SCV  
  18  1:34  Reaper  
  18  1:37  Supply Depot  
  19  1:46  Reaper  
  20  1:54  Orbital Command  
  20  2:07  Reaper  
  21  2:20  SCV  
  22  2:24  Barracks Tech Lab  
  22  2:26  Factory  
  22  2:32  SCV  
  23  2:39  Supply Depot  
  23  2:46  Barracks Reactor  
  23  2:48  Marauder  
  23  2:50  Stimpack  
  25  2:56  SCV  
  26  3:01  Supply Depot  
  26  3:08  SCV  
  24  3:29  Marine x2, Marauder  
  24  3:32  Factory Tech Lab  
  28  3:47  Marine x2  
  30  3:51  Marauder  
  32  4:00  Siege Tank  
  35  4:05  Starport  
  35  4:16  Marine x2, Marauder  
  39  4:18  Starport  
  39  4:40  Siege Tank  
  39  4:44  Viking  
  44  4:50  Supply Depot  
  44  4:54  Combat Shield  
  44  4:57  Starport Tech Lab  
  44  5:02  Marine, Marauder  
  47  5:12  Marine  
  46  5:27  Marine  
  47  5:33  Supply Depot x2  
  47  5:34  Starport Reactor  
  47  5:54  Marine x2  
  47  5:55  Marauder  
  51  6:00  Supply Depot  
  51  6:01  Banshee  
  51  6:02  Cloaking Field  
  54  6:11  SCV  
  55  6:12  Marine x2  
  55  6:13  Concussive Shells  
  57  6:22  Medivac  
  59  6:29  SCV  
  59  6:32  Marine x2  
  61  6:33  Marine  
  61  6:35  Refinery  
  61  6:38  Medivac  
  65  6:41  SCV  
  66  6:50  Marine x3  
  66  6:53  SCV  
  70  6:54  Supply Depot  
  70  7:04  Supply Depot  
  70  7:08  Marine  
  71  7:11  Marine  
  70  7:16  Marauder  
  51  7:34  Marine x2  
  48  7:38  Marauder  
  50  7:44  Banshee  
  53  7:52  Marine x2, Command Center  
  54  8:03  Barracks  
  47  8:10  Marine x2  
  45  8:17  Marine  
  44  8:28  Marine x2  
  46  8:35  Marauder  
  48  8:45  Marine  
  48  8:46  Marine  
  50  8:56  Marine  
  51  9:03  Marine x2  
  54  9:12  Barracks Reactor  
  54  9:14  Marine  
  54  9:19  Engineering Bay  
  54  9:20  Engineering Bay  
  54  9:21  Marine  
  54  9:22  Orbital Command  
  55  9:35  Marine x2  
  57  9:39  Marine  
  57  9:41  Siege Tank  
  61  9:49  SCV x2  
  63  9:53  Marine x2  
  65  10:01  SCV  
Show
View Real Time Build Order
Export as new Build Order

zidar Zerg 

Build Orders: Hatch First 

Get SALT Encoding   

  12  0:02  Drone  
  13  0:12  Overlord  
  13  0:19  Drone  
  14  0:31  Drone x2  
  16  0:55  Drone  
  16  0:56  Hatchery  
  16  0:58  Extractor  
  16  1:00  Drone  
  16  1:21  Spawning Pool, Drone  
  16  1:24  Drone  
  17  1:27  Drone  
  19  1:40  Drone  
  19  2:08  Roach Warren  
  18  2:11  Queen  
  18  2:12  Queen  
  22  2:16  Overlord  
  22  2:20  Drone  
  23  2:23  Drone  
  23  2:27  Drone  
  25  2:42  Zergling x2  
  25  2:43  Zergling x2  
  27  2:50  Roach  
  27  2:51  Roach x2  
  31  3:33  Roach x2  
  35  3:38  Overlord x2  
  35  3:56  Ravager  
  35  3:58  Ravager  
  35  4:01  Roach x4  
  35  4:02  Roach x2  
  40  5:33  Roach x2  
  40  5:34  Overlord  
  40  5:35  Overlord x6  
  44  5:51  Hatchery  
  43  5:59  Roach  
  43  6:00  Roach x8  
  61  6:17  Extractor  
  60  6:21  Drone x6  
  66  6:49  Ravager  
  66  6:52  Roach x5  
  77  6:58  Drone x3  
  56  7:37  Roach x4  
  56  7:38  Roach x5  
  56  7:42  Ravager  
  49  8:28  Spore Crawler  
  49  8:34  Spore Crawler x2  
  44  8:47  Drone x11  
  53  9:06  Spore Crawler  
  53  9:08  Lair  
  50  9:10  Spore Crawler x2  
  50  9:15  Roach x7  
  60  9:22  Extractor  
  60  9:23  Extractor  
  56  9:34  Queen  
  56  9:37  Overlord  
  56  9:38  Overlord x2  
Tags
 
Add a new tag
Caveats
  • Supply blocks, unpowered buildings, or Contaminate may cause inaccurate times.
  • Supply counts are checked every 10 seconds.